Map: Echo LE

Players

HTOMario

  • Race: Terran Terran
  • Spawn Location: 11:00

Nerchio - Winner!

  • Race: Zerg Zerg
  • Spawn Location: 5:00

Event: LycanGTV LotV Beta Tournament 1

VOD

Have the link to the VOD?

Description

Time

  • Played on: April 2, 2015, 1:03 p.m.
  • Length: 9:06

All games in this series

Show
View Real Time Build Order
Export as new Build Order

HTOMario Terran 

Build Orders: Mech, Siege Tank Drop 

Get SALT Encoding   

  12  0:01  SCV  
  13  0:13  SCV  
  14  0:17  Supply Depot  
  14  0:25  SCV  
  15  0:32  Refinery  
  15  0:42  Barracks  
  15  0:45  SCV  
  17  0:57  SCV  
  17  1:09  SCV  
  18  1:14  Refinery  
  18  1:21  SCV, Supply Depot  
  19  1:34  Orbital Command  
  19  1:49  Command Center  
  19  1:58  Factory  
  19  2:03  Barracks Reactor  
  19  2:06  SCV  
  20  2:14  Supply Depot  
  20  2:18  SCV  
  21  2:30  SCV  
  21  2:43  Bunker  
  21  2:46  SCV  
  21  2:49  Marine  
  21  2:50  Hellion x2  
  27  2:54  Starport  
  27  2:58  SCV  
  27  3:01  Orbital Command  
  28  3:11  Hellion x2  
  32  3:17  Barracks Tech Lab  
  32  3:19  SCV  
  33  3:22  Supply Depot  
  33  3:27  SCV  
  33  3:28  Refinery  
  33  3:31  SCV  
  35  3:34  Medivac  
  37  3:43  SCV  
  37  3:44  SCV  
  39  3:49  Supply Depot  
  39  3:50  Marine x2  
  39  3:53  Refinery  
  39  3:55  SCV, Refinery  
  42  4:07  Command Center  
  42  4:10  SCV x2  
  42  4:15  Siege Tank  
  47  4:18  Marine x2  
  49  4:34  Viking  
  49  4:35  SCV  
  49  4:36  Marine x2  
  50  4:55  Siege Tank, Marine x2  
  50  4:58  SCV x2  
  53  5:00  Refinery  
  53  5:01  Refinery  
  53  5:04  Supply Depot  
  53  5:08  Factory  
  53  5:13  Viking, Marine x2  
  57  5:14  SCV x2  
  59  5:23  Supply Depot  
  59  5:24  Supply Depot  
  59  5:35  SCV x2  
  61  5:41  Marine x2  
  61  5:42  Siege Tank  
  66  5:54  Widow Mine  
  66  5:56  Medivac  
  70  5:57  SCV  
  70  5:59  Marine  
  72  6:14  Siege Tank  
  75  6:27  Marine x2  
  75  6:28  Viking, Widow Mine  
  81  6:39  SCV x2  
  83  6:45  Marine  
  83  6:46  Siege Tank  
  87  6:48  Orbital Command  
  87  6:56  Widow Mine  
  87  6:58  Viking  
  87  6:59  SCV  
  89  7:03  SCV  
  89  7:06  Refinery x2  
  90  7:10  Armory x2  
  90  7:12  SCV, Missile Turret  
  90  7:13  Factory  
  90  7:14  Supply Depot  
  91  7:16  Missile Turret  
  91  7:17  Supply Depot, SCV x2  
  91  7:18  Siege Tank  
  96  7:24  SCV  
  96  7:29  SCV x2  
  99  7:38  SCV  
  99  7:40  Missile Turret  
  99  7:41  SCV  
  99  7:42  Missile Turret  
  101  7:46  Factory Tech Lab  
  101  7:47  Viking  
  101  7:50  SCV x2  
  104  7:53  SCV  
  102  8:02  SCV x2  
  104  8:05  SCV  
  104  8:10  Cyclone  
  108  8:14  SCV x2  
  104  8:24  Hellion x2, Cyclone  
  111  8:31  SCV x2  
  111  8:32  Factory  
  111  8:33  Factory  
  113  8:35  Starport Tech Lab  
  113  8:37  SCV  
  113  8:40  Missile Turret  
  114  8:43  SCV  
Show
View Real Time Build Order
Export as new Build Order

Nerchio Zerg - Winner!

Build Orders: Hatch First 

Get SALT Encoding   

  12  0:01  Drone  
  13  0:12  Overlord  
  13  0:16  Drone  
  14  0:31  Drone x2  
  14  0:34  Drone  
  17  0:45  Drone  
  18  0:55  Hatchery  
  17  0:57  Drone  
  17  1:03  Extractor  
  17  1:12  Spawning Pool  
  17  1:15  Drone  
  17  1:18  Drone  
  18  1:29  Drone  
  19  1:38  Overlord  
  19  2:00  Zergling x2, Queen  
  22  2:03  Metabolic Boost  
  22  2:05  Drone  
  22  2:06  Queen  
  22  2:08  Drone  
  26  2:11  Drone  
  27  2:18  Drone  
  28  2:24  Overlord  
  28  2:28  Drone  
  29  2:35  Drone  
  30  2:45  Drone  
  30  2:47  Drone  
  30  2:50  Hatchery, Drone  
  32  2:56  Queen  
  34  2:58  Drone  
  34  3:01  Drone  
  36  3:07  Drone  
  36  3:11  Drone x4  
  41  3:14  Drone  
  41  3:20  Overlord  
  41  3:24  Queen  
  43  3:31  Roach Warren  
  43  3:32  Drone  
  43  3:33  Drone, Extractor  
  43  3:38  Drone  
  44  3:45  Drone x2  
  46  3:49  Queen  
  46  3:50  Drone, Overlord  
  46  3:52  Drone  
  46  3:53  Drone  
  51  3:56  Drone  
  51  3:59  Overlord  
  52  4:06  Lair  
  52  4:09  Zergling x6  
  55  4:11  Zergling x2  
  55  4:12  Zergling x2  
  57  4:27  Extractor  
  56  4:35  Roach x9  
  74  4:45  Drone x4  
  71  4:47  Drone x4  
  71  4:48  Drone  
  71  4:57  Overlord x2  
  70  5:01  Overlord  
  70  5:06  Overseer  
  70  5:08  Extractor  
  69  5:19  Ravager x3  
  72  5:25  Drone x3  
  72  5:26  Drone x6  
  72  5:27  Drone  
  72  5:28  Drone x2  
  84  5:29  Drone  
  84  5:32  Overlord  
  85  5:41  Overlord  
  85  5:42  Extractor  
  84  5:44  Drone  
  84  5:48  Spire  
  81  5:50  Drone  
  81  5:51  Drone x3  
  81  5:52  Drone  
  81  5:55  Glial Reconstitution  
  81  5:56  Drone  
  87  5:58  Drone  
  87  5:59  Drone  
  87  6:00  Drone  
  87  6:02  Drone  
  87  6:04  Drone  
  92  6:05  Drone  
  92  6:10  Drone x4  
  93  6:12  Drone  
  93  6:13  Drone  
  93  6:16  Overlord  
  91  6:20  Zergling x2  
  91  6:21  Zergling x6  
  95  6:26  Overlord  
  92  6:36  Extractor  
  89  6:40  Evolution Chamber  
  89  6:41  Evolution Chamber  
  87  6:48  Hatchery  
  86  7:02  Mutalisk  
  86  7:03  Mutalisk x2, Infestation Pit  
  86  7:05  Roach x11  
  86  7:06  Overlord  
  86  7:08  Overlord x2  
  113  7:10  Overlord  
  113  7:13  Overlord  
  112  7:18  Overlord  
  112  7:21  Overlord  
  112  7:29  Evolution Chamber  
  111  7:32  Roach x6  
  111  7:33  Roach  
  111  7:36  Roach  
  127  7:38  Roach  
  127  7:41  Hive  
  127  7:42  Roach  
  131  7:49  Ravager  
  131  7:50  Ravager x3  
  135  7:58  Roach x4  
  141  7:59  Roach  
  141  8:02  Roach  
  141  8:03  Roach, Zergling x2  
  141  8:04  Zergling x12  
  154  8:09  Roach  
  154  8:12  Roach x4  
  159  8:19  Spore Crawler  
  149  8:22  Roach x3  
  155  8:28  Roach x2  
  155  8:31  Roach  
  161  8:42  Zergling x12  

Tags
 
Add a new tag
Caveats
  • Supply blocks, unpowered buildings, or Contaminate may cause inaccurate times.
  • Supply counts are checked every 10 seconds.